 Dungeon Crawl Stone Soup version 0.16.1-11-g651b585 (webtiles) character file.

174 nubinia the Stinger (level 5, -2/28 HPs)
             Began as a Tengu Venom Mage on Apr 3, 2015.
             Killed by divine providence
             ... invoked by an orc priest
              (12 damage)
             ... on level 3 of the Dungeon.
             The game lasted 00:11:10 (2832 turns).

nubinia the Stinger (Tengu Venom Mage)              Turns: 2832, Time: 00:11:11

Health: -2/28      AC:  5    Str:  8    XL:     5   Next: 54%
Magic:  7/11       EV: 13    Int: 17    God:
Gold:   126        SH:  0    Dex: 14    Spells: 3 memorised, 3 levels left

rFire  . . .     SeeInvis .     t - +1 mace (holy)
rCold  . . .     Clarity  .     a - +0 robe
rNeg   . . .     SustAb   .     (no shield)
rPois  .         Gourm    .     (helmet restricted)
rElec  .         Spirit   .     (no cloak)
rCorr  .         Warding  .     (no gloves)
rMut   .         Stasis   .     (boots unavailable)
MR     .....                    (no amulet)
Stlth  ++........               q - +3 ring of protection
                                e - ring of wizardry

@: not resistant to hostile enchantments, unstealthy
A: able to fly, beak, talons 3
a: Fly


You were on level 3 of the Dungeon.
You were not hungry.

You visited 1 branch of the dungeon, and saw 3 of its levels.

You collected 126 gold pieces.

Inventory:

Hand weapons
 j - a +0 short sword
 t - a +1 mace of holy wrath (weapon)
 v - a cursed -2 hand axe
Armour
 a - a +0 robe (worn)
Jewellery
 e - a ring of wizardry (left hand)
 q - a +3 ring of protection (right hand)
 s - a +3 ring of protection
Magical devices
 r - a wand of random effects (19)
 w - a wand of random effects (22)
Scrolls
 f - 2 scrolls of remove curse {unknown}
 g - a scroll of magic mapping {unknown}
 i - a scroll of fog {unknown}
 l - a scroll of fear {unknown}
 m - 2 scrolls of random uselessness {unknown}
 p - 2 scrolls of teleportation {unknown}
 u - a scroll of recharging {unknown}
Potions
 k - a potion of curing
 n - a potion of cancellation
 o - 2 potions of heal wounds
 x - 2 potions of agility
Books
 b - a Young Poisoner's Handbook

   Spells                             Type                      Level
   a - Sting                          Conjuration/Poison           1
   b - Cure Poison                    Poison                       2
   c - Mephitic Cloud                 Conjuration/Poison/Air       3
   d - Olgreb's Toxic Radiance        Poison                       4
   e - Venom Bolt                     Conjuration/Poison           5
Comestibles
 c - 4 bread rations
 d - 3 meat rations
 h - a beef jerky
 z - a chunk of flesh


   Skills:
 + Level 0.6 Fighting
 + Level 0.2 Short Blades
 + Level 3.1 Dodging
 + Level 3.0 Stealth
 + Level 2.7 Spellcasting
 + Level 2.3 Conjurations
 + Level 0.3 Air Magic
 + Level 4.8 Poison Magic


You had 3 spell levels left.
You knew the following spells:

 Your Spells              Type           Power        Failure   Level  Hunger
a - Sting                 Conj/Pois      ##..         1%          1    #......
b - Cure Poison           Pois           ###.......   1%          2    ##.....
c - Mephitic Cloud        Conj/Pois/Air  ##......     9%          3    ###....


Dungeon Overview and Level Annotations

Branches:
Dungeon (3/15)

Altars:
Zin

Annotations:
D:3 Natasha


Innate Abilities, Weirdness & Mutations

You can fly.
You have a beak for a mouth.
You have claws for feet.


Message History

Aim: an orc, wearing a ring mail The sting hits the orc.
The orc is poisoned.
The orc closely misses you.
An orc priest comes into view. It is wielding a falchion.
The orc priest shouts!
You hit the orc.
The orc is moderately wounded.
The orc hits you.
You hit the orc.
You kill the orc!
The orc closely misses you.
The orc priest looks braver.
You barely miss the orc. The orc misses you.
The orc priest mumbles some strange prayers to Beogh against you.
Something smites you!
Ouch! That really hurt!
The orc priest prays to Beogh.
You feel a wave of unholy energy pass over you.
The orc priest calls down the wrath of Beogh upon you.
Something smites you!
You die...

.o> ..# ## #.#
#.# #)# ########
#[# #......) #o#
###...#### #o#
#.....>.## ####.#
#......... #..@.#
#.......## #.####
###...### #.#
#...# #.# ##..#
#.# #..#
#.############..#
#...............#
######.##########
#########.#


You could see an orc priest and 2 orcs.

Vanquished Creatures
  Sigmund (D:2)
  2 adders
  A giant mite (D:3)
  A worm (D:2)
  6 orcs (D:3)
  3 ball pythons (D:1)
  2 giant cockroaches (D:1)
  13 hobgoblins
  4 jackals
  A quokka (D:2)
  4 bats
  A giant gecko (D:2)
  3 giant newts
  5 goblins
  6 kobolds
  10 rats
63 creatures vanquished.

Notes
Turn   | Place    | Note
--------------------------------------------------------------
     0 | D:1      | nubinia, the Tengu Venom Mage, began the quest for the Orb.
     0 | D:1      | Reached XP level 1. HP: 10/10 MP: 3/3
   309 | D:1      | Reached XP level 2. HP: 9/15 MP: 5/5
  1050 | D:1      | Reached XP level 3. HP: 11/19 MP: 3/7
  1550 | D:2      | Learned a level 2 spell: Cure Poison
  1554 | D:2      | Learned a level 3 spell: Mephitic Cloud
  1636 | D:2      | Reached skill level 1 in Conjurations
  1835 | D:2      | Reached XP level 4. HP: 24/24 MP: 6/9
  1884 | D:2      | Noticed Sigmund
  1895 | D:2      | Killed Sigmund
  1895 | D:2      | Reached XP level 5. HP: 28/28 MP: 0/11
  2366 | D:3      | Noticed Natasha
  2681 | D:3      | Found a glowing silver altar of Zin.
  2681 | D:3      | Noticed an angel
  2832 | D:3      | Killed from afar by an orc priest

Action                   |  1- 3 |  4- 6 || total
-------------------------+-------+-------++-------
Melee: Unarmed           |    40 |       ||    40
       Short sword       |    34 |    11 ||    45
       Mace              |       |    10 ||    10
 Cast: Sting             |    44 |    33 ||    77
       Mephitic Cloud    |       |     1 ||     1
  Use: Scroll            |     2 |     2 ||     4
 Stab: Sleeping          |     2 |       ||     2
       Distracted        |       |     1 ||     1
  Eat: Chunk             |     4 |     3 ||     7
